Match 45248804
Unlisted

Match 45248804
End
Construct Section Command Post
Dingo Light Scout Car
Infantry Section
Dingo Light Scout Car
Infantry Section
Construct Platoon Command Post
Selects Heavy Armor Battlegroup
Selects Light Vehicle Withdraw and Refit
Light Vehicle Withdraw and Refit
6-pounder Anti-tank Gun Team
Unlock M3 Stuart Light Tanks
Infantry Section
M3 Stuart Light Tank
Selects Rigorous Vehicle Training
Infantry Section
Construct Field Infirmary
Selects Forward Repair Assembly
Royal Engineer Section
M3 Stuart Light Tank
AI Takeover
DOLPHSTALLONE
Bueno
alicece2
楚云飞
菲蕾嘉
月夜笑猫
BES2
.
0
0

Comments sign in to comment!

No comments posted yet!